[Event "Titled Tuesday Blitz May 16 Early 2023"]
[White "Wadsworth, Matthew J"]
[Black "Swiercz, Dariusz"]
[WhiteFideId "415804"]
[BlackFideId "1126881"]
[WhiteElo "2347"]
[BlackElo "2620"]
[Result "1/2-1/2"]
[Round "02"]
[TimeControl "180+2"]
[Date "2023.05.16"]
[WhiteClock "0:00:09"]
[BlackClock "0:00:10"]

1. c4 Nf6 2. g3 g6 3. Bg2 Bg7 4. Nf3 O-O 5. O-O c6 6. d4 d6 7. Nc3 Bf5 8. Ne1 e5 9. d5 cxd5 10. cxd5 a5 11. e4 Bg4 12. Qb3 Na6 13. Be3 Nd7 14. Nd3 Ndc5 15. Nxc5 Nxc5 16. Bxc5 dxc5 17. f3 Bd7 18. a4 Qc7 19. Rfd1 Ra6 20. Bf1 Rf6 21. Nb5 Bxb5 22. Bxb5 Bh6 23. Kg2 Rd6 24. Qd3 b6 25. b3 Rfd8 26. h4 Bf8 27. h5 gxh5 28. Rh1 Rh6 29. Rh4 Be7 30. Rh3 Kh8 31. Rah1 h4 32. Qe3 Qd6 33. gxh4 Rg8+ 34. Kf2 Qg6 35. h5 Qg2+ 36. Ke1 c4 37. Bxc4 Bg5 38. Qe2 Qxe2+ 39. Bxe2 Rd6 40. Rg3 h6 41. Rg4 Rc8 42. Bc4 Kg7 43. Rhg1 Kf6 44. Ke2 Rd7 45. Kd3 Rd6 46. R4g2 Rdd8 47. Rc2 Rc7 48. Rc3 Rdc8 49. Rg2 Ke7 50. Rgc2 Kd6 51. Ba6 Rxc3+ 52. Rxc3 Rxc3+ 53. Kxc3 Kc5 54. Bc8 f6 55. Be6 Be3 56. Kd3 Bf4 57. Bf7 Bg3 58. Be6 Bf2 59. Bd7 Bd4 60. Bb5 Bb2 61. Ke2 Ba3 62. Kf2 Bc1 63. Kg3 Kd6 64. Kg4 Bg5 65. Kf5 Ke7 66. Kg6 Bf4 67. Bc4 Bg5 68. Kg7 Bf4 69. Kg6 Bg5 70. Kf5 Bf4 71. d6+ Kxd6 72. Kxf6 Be3 73. Bd5 Bf4 74. Kf7 Bg5 75. Ke8 Bh4 76. Bc4 Bg5 77. Kf7 Bh4 78. Ke8 Bg5 79. Kf7 Bh4 80. Kg6 Bg5 81. Kf5 Bf4 82. Kf6 Bg5+ 83. Kf7 1/2-1/2


[Site "https://www.chess.com"]

[Event "Titled Tuesday Blitz May 16 Early 2023"]
[White "Soham Kamotra"]
[Black "Antipov, Mikhail Al."]
[WhiteFideId "46647490"]
[BlackFideId "4107012"]
[WhiteElo "2209"]
[BlackElo "2513"]
[Result "1/2-1/2"]
[Round "02"]
[TimeControl "180+2"]
[Date "2023.05.16"]
[WhiteClock "0:00:03"]
[BlackClock "0:00:03"]

1. c4 c5 2. g3 g6 3. Bg2 Bg7 4. Nc3 Nc6 5. e3 d6 6. Nge2 h5 7. h3 Bf5 8. e4 Bd7 9. d3 a6 10. O-O Nf6 11. Kh2 Rb8 12. a4 e5 13. Bd2 Nb4 14. Be3 b5 15. axb5 axb5 16. b3 O-O 17. Qd2 Ne8 18. Ra7 Nc7 19. Nd5 bxc4 20. bxc4 Ncxd5 21. exd5 Bf5 22. Be4 Qc8 23. h4 Bxe4 24. dxe4 f5 25. Bh6 Rb7 26. Bxg7 Kxg7 27. Rxb7+ Qxb7 28. exf5 Rxf5 29. Nc3 Qa6 30. Qe2 Qb7 31. Ne4 Qe7 32. Kg2 Rf8 33. Ra1 Rb8 34. Ra5 Rb6 35. Ra8 Qf7 36. Qd2 Qf5 37. Qe3 Nc2 38. Qf3 Qxf3+ 39. Kxf3 Nd4+ 40. Kg2 Nf5 41. Ng5 Rb2 42. Ra7+ Kg8 43. Rd7 Nd4 44. Rd8+ Kg7 45. Rxd6 Rc2 46. Rd7+ Kf8 47. Ne6+ Ke8 48. Rg7 Rxc4 49. Rxg6 Kf7 50. Rh6 Rc2 51. Rxh5 Nxe6 52. dxe6+ Kxe6 53. Rh6+ Kd5 54. Rh8 c4 55. h5 Ra2 56. g4 Ke4 57. Rf8 c3 58. h6 Ra6 59. g5 Rg6 60. h7 Rxg5+ 61. Kf1 c2 62. Rc8 Rh5 63. Ke2 Rxh7 64. Rc4+ Kf5 65. Rxc2 Rh4 1/2-1/2


[Site "https://www.chess.com"]

[Event "Titled Tuesday Blitz May 16 Early 2023"]
[White "Lenderman, Aleksandr"]
[Black "Sourath Biswas"]
[WhiteFideId "2021285"]
[BlackFideId "35091484"]
[WhiteElo "2607"]
[BlackElo "2171"]
[Result "1-0"]
[Round "02"]
[TimeControl "180+2"]
[Date "2023.05.16"]
[WhiteClock "0:01:30"]
[BlackClock "0:00:01"]

1. Nf3 Nf6 2. c4 g6 3. Nc3 Bg7 4. e4 O-O 5. d4 d6 6. Be2 Nbd7 7. O-O e5 8. Re1 a6 9. d5 Kh8 10. Be3 Nc5 11. Nd2 a5 12. a3 a4 13. Bxc5 dxc5 14. Nxa4 b6 15. b4 Bd7 16. Nc3 Qe7 17. Qb3 Ng8 18. Nb5 Rfc8 19. bxc5 Qxc5 20. Qb4 Bf8 21. Qxc5 Bxc5 22. Nb3 Bf8 23. Red1 Bxb5 24. cxb5 Rxa3 25. Rxa3 Bxa3 26. Ra1 Bd6 27. Nd2 Bc5 28. Ra7 Nf6 29. h4 h5 30. g3 Ne8 31. Nc4 Bd4 32. g4 Nf6 33. d6 Nxe4 34. dxc7 Nxf2 35. Kg2 Bc5 36. Rb7 Kg7 37. Nxb6 Bxb6 38. Rxb6 Nxg4 39. Bxg4 hxg4 40. Rc6 Kf8 41. b6 Ra8 42. c8=Q+ 1-0


[Site "https://www.chess.com"]

[Event "Titled Tuesday Blitz May 16 Early 2023"]
[White "RobertDowneyJr0111"]
[Black "Kovalenko, Igor"]
[BlackFideId "14117908"]
[WhiteElo "2602"]
[BlackElo "2574"]
[Result "0-1"]
[Round "02"]
[TimeControl "180+2"]
[Date "2023.05.16"]
[WhiteClock "0:00:00"]
[BlackClock "0:00:08"]

1. e4 c5 2. Nf3 Nc6 3. d4 cxd4 4. Nxd4 Nf6 5. Nc3 e6 6. g3 Bb4 7. Bg2 O-O 8. O-O h6 9. Nb3 d6 10. Bd2 a5 11. a3 Bxc3 12. Bxc3 a4 13. Nd4 e5 14. Nb5 Ne8 15. Qd2 Be6 16. Rfd1 Qb6 17. Qe2 Rd8 18. Rd2 Qc5 19. Bf1 Nf6 20. Nc7 Bg4 21. Qe1 Nd4 22. Bxd4 Qxc7 23. Bc3 Bf3 24. Bg2 Bxg2 25. Kxg2 Qc6 26. f3 Rd7 27. Rad1 Rfd8 28. Qe3 b6 29. h4 Ne8 30. h5 Nc7 31. f4 f6 32. Qf3 Nb5 33. Rd5 Nc7 34. R5d3 Ne6 35. Rd5 Nc5 36. Bb4 Ne6 37. Bc3 Kh8 38. Kh3 Qc8 39. Kg2 Nc7 40. R5d3 Nb5 41. Bb4 Qxc2+ 42. R1d2 Qc4 43. Rd5 exf4 44. gxf4 Re8 45. Qd3 Qxd3 46. R2xd3 Nc7 47. Rxd6 Rxd6 48. Bxd6 Ne6 49. Kf3 Kg8 50. e5 f5 51. Rc3 b5 52. Ke3 Kf7 53. Rc6 g5 54. Rb6 Nxf4 55. Rxb5 Ke6 56. Rb6 Nd5+ 0-1


[Site "https://www.chess.com"]

[Event "Titled Tuesday Blitz May 16 Early 2023"]
[White "Mitrabha, Guha"]
[Black "Munkhgal, Gombosuren"]
[WhiteFideId "5057000"]
[BlackFideId "4901266"]
[WhiteElo "2507"]
[BlackElo "2528"]
[Result "1-0"]
[Round "02"]
[TimeControl "180+2"]
[Date "2023.05.16"]
[WhiteClock "0:00:07"]
[BlackClock "0:00:00"]

1. d4 Nf6 2. Bg5 Ne4 3. Bf4 d5 4. e3 c5 5. c3 Nc6 6. Bd3 Qb6 7. Qb3 Nf6 8. Nd2 c4 9. Qxb6 axb6 10. Bc2 b5 11. e4 e6 12. Ngf3 b4 13. Ke2 b5 14. Nf1 bxc3 15. bxc3 b4 16. Ne3 bxc3 17. exd5 exd5 18. Bg5 Be6 19. Rhb1 Ba3 20. Rb5 Bb2 21. Rd1 O-O 22. Ne5 Ra5 23. Rb6 Nxe5 24. dxe5 Nd7 25. Rd6 Nxe5 26. Nxd5 Nd3 27. Ne7+ Kh8 28. Be3 Ba3 29. Rxe6 fxe6 30. Nc6 Ra6 31. Nd4 e5 32. Nb5 e4 33. Nxc3 Re8 34. Rb1 Bb2 35. Nb5 Rxa2 36. Nd6 Rea8 37. Nxc4 Bc3 38. Kd1 Ra1 39. Nd6 Rxb1+ 40. Bxb1 Nb4 41. Bxe4 Ra1+ 42. Ke2 h6 43. h4 Ra2+ 44. Kf3 Ra6 45. Bc5 Ra5 46. Nb7 Ra3 47. Kg4 Rb3 48. Na5 Rb2 49. Nc4 Rb3 50. Nd6 Rb2 51. h5 Bf6 52. Kf5 Nc2 53. Ke6 Nd4+ 54. Kf7 1-0


[Site "https://www.chess.com"]

[Event "Titled Tuesday Blitz May 16 Early 2023"]
[White "Raahul V S"]
[Black "Drozdowski, Kacper"]
[WhiteFideId "25035525"]
[BlackFideId "1136720"]
[WhiteElo "2190"]
[BlackElo "2497"]
[Result "0-1"]
[Round "02"]
[TimeControl "180+2"]
[Date "2023.05.16"]
[WhiteClock "0:01:08"]
[BlackClock "0:00:50"]

1. d4 d5 2. c4 c6 3. Nf3 Nf6 4. g3 dxc4 5. Bg2 e6 6. O-O b5 7. a4 Bb7 8. Ne5 a6 9. Nc3 Nd5 10. e4 Nxc3 11. bxc3 Nd7 12. f4 Be7 13. Ng4 O-O 14. f5 exf5 15. Rxf5 Nc5 16. Nh6+ gxh6 17. Bxh6 Ne6 18. d5 cxd5 19. exd5 Ng7 20. Qg4 Qb6+ 21. Kh1 Qxh6 22. Raf1 Bc8 23. Qf4 Nxf5 0-1


[Site "https://www.chess.com"]

[Event "Titled Tuesday Blitz May 16 Early 2023"]
[White "Nguyen, Ngoc Truong Son"]
[Black "Jakubowski, Krzysztof"]
[WhiteFideId "12401110"]
[BlackFideId "1112848"]
[WhiteElo "2556"]
[BlackElo "2359"]
[Result "1-0"]
[Round "02"]
[TimeControl "180+2"]
[Date "2023.05.16"]
[WhiteClock "0:00:06"]
[BlackClock "0:00:00"]

1. d4 Nf6 2. c4 e6 3. Nf3 b6 4. g3 Ba6 5. Qc2 c5 6. d5 exd5 7. cxd5 Bb7 8. e4 Qe7 9. Bg2 Qxe4+ 10. Qxe4+ Nxe4 11. O-O Bxd5 12. Re1 Be7 13. Nh4 Nf6 14. Nf5 Nc6 15. Nxg7+ Kd8 16. Nf5 Bxg2 17. Kxg2 Rg8 18. Nc3 Bf8 19. h4 Ne8 20. Bf4 Rg6 21. Red1 Ng7 22. Ne3 Ne6 23. Ned5 h5 24. Rd2 Bg7 25. Rad1 Bd4 26. Nb5 a6 27. Nbc7 Ra7 28. Nxe6+ fxe6 29. Nxb6 Rb7 30. Nc4 d5 31. Ne3 Rf7 32. Bg5+ Kc7 33. b3 Kb6 34. Nc2 e5 35. Ne3 Rd7 36. Nf5 e4 37. Be3 Re6 38. Nxd4 cxd4 39. Bxd4+ Nxd4 40. Rxd4 Kc5 41. b4+ Kb5 42. Rxd5+ Rxd5 43. Rxd5+ Kxb4 44. Rxh5 a5 45. Rf5 a4 46. h5 Ka3 47. g4 Ra6 48. Rb5 Kxa2 49. g5 a3 50. g6 e3 51. fxe3 Ka1 52. Kf3 a2 53. Rd5 Kb2 54. Rd2+ Kc3 55. Rxa2 Rxa2 56. g7 1-0


[Site "https://www.chess.com"]

[Event "Titled Tuesday Blitz May 16 Early 2023"]
[White "Ismagilov, Damir"]
[Black "Babazada, Khazar"]
[WhiteFideId "34199982"]
[BlackFideId "13413554"]
[WhiteElo "2143"]
[BlackElo "2351"]
[Result "1/2-1/2"]
[Round "02"]
[TimeControl "180+2"]
[Date "2023.05.16"]
[WhiteClock "0:00:25"]
[BlackClock "0:00:34"]

1. f4 Nf6 2. Nf3 g6 3. b3 Bg7 4. Bb2 O-O 5. e3 c5 6. Be2 Nc6 7. O-O b6 8. d3 d5 9. Ne5 Bb7 10. Nd2 Qc7 11. Ndf3 Rad8 12. Nxc6 Bxc6 13. Be5 Qb7 14. Qe1 Ng4 15. Bxg7 Kxg7 16. Qd2 f6 17. Ng5 fxg5 18. Bxg4 Qc7 19. fxg5 Qe5 20. Rxf8 Rxf8 21. Rf1 Rxf1+ 22. Kxf1 Qxh2 23. Qf2 Qe5 24. Qf4 Qd6 25. Qxd6 exd6 26. d4 Kf7 27. Kf2 Ke7 28. c3 Bd7 29. Bxd7 Kxd7 30. g4 Kc6 31. Kf3 a5 32. e4 b5 33. Ke3 b4 34. exd5+ Kxd5 35. c4+ Ke6 36. dxc5 dxc5 37. Ke4 Kd6 38. Kf4 1/2-1/2


[Site "https://www.chess.com"]

[Event "Titled Tuesday Blitz May 16 Early 2023"]
[White "Gold_Ocean"]
[Black "Yeletsky, Ivan"]
[BlackFideId "24180327"]
[WhiteElo "2597"]
[BlackElo "2380"]
[Result "0-1"]
[Round "02"]
[TimeControl "180+2"]
[Date "2023.05.16"]
[WhiteClock "0:00:00"]
[BlackClock "0:01:33"]

1. Nf3 Nc6 2. d4 d6 3. c4 Nf6 4. g3 e5 5. dxe5 Nxe5 6. Nxe5 dxe5 7. Qxd8+ Kxd8 8. Nc3 Be6 9. b3 c6 10. Bb2 Nd7 11. O-O-O a5 12. Bg2 Kc7 13. Rd2 Bb4 14. a3 Be7 15. Rhd1 Nc5 16. Kc2 Bf5+ 17. e4 Be6 18. a4 Bg5 19. Re2 Rhd8 20. Ree1 Na6 21. Ba3 h5 22. h4 Bf6 23. Bf3 g6 24. Rxd8 Kxd8 25. Rd1+ Ke8 26. Kb2 Be7 27. Bxe7 Kxe7 28. Na2 Nc5 29. Kc2 b5 30. axb5 cxb5 31. Be2 bxc4 32. Bxc4 Nxe4 33. Re1 Bf5 34. Bd3 Rc8+ 35. Kb2 Nxg3 36. Bxf5 Nxf5 37. Rxe5+ Kf6 38. Rxa5 Nxh4 39. b4 Nf3 40. Nc3 h4 41. Ne4+ Kg7 42. b5 h3 0-1


[Site "https://www.chess.com"]

[Event "Titled Tuesday Blitz May 16 Early 2023"]
[White "Bodnaruk, Anastasia"]
[Black "Kramnik, Vladimir"]
[WhiteFideId "4181751"]
[BlackFideId "4101588"]
[WhiteElo "2304"]
[BlackElo "2703"]
[Result "0-1"]
[Round "02"]
[TimeControl "180+2"]
[Date "2023.05.16"]
[WhiteClock "0:00:00"]
[BlackClock "0:00:50"]

1. e4 c5 2. Nc3 Nc6 3. Bb5 Nd4 4. Bc4 e6 5. Nge2 Nf6 6. a4 a6 7. O-O Nc6 8. d4 cxd4 9. Nxd4 Qc7 10. Nxc6 bxc6 11. Re1 Bd6 12. g3 O-O 13. Bg5 Be5 14. f4 Bxc3 15. bxc3 Nxe4 16. Rxe4 d5 17. Rd4 dxc4 18. Bd8 Qa7 19. Ba5 e5 20. fxe5 Be6 21. Rb1 h6 22. Qe2 Rab8 23. Rd1 Bd5 24. h4 Rfe8 25. Kh2 f6 26. Qf2 Rxe5 27. Rf4 Qe7 28. Kh3 Re2 29. Qd4 Qe6+ 30. g4 Re8 31. Bb6 h5 32. Kg3 Rxc2 33. Kh3 hxg4+ 0-1


[Site "https://www.chess.com"]

[Event "Titled Tuesday Blitz May 16 Early 2023"]
[White "Keymer, Vincent"]
[Black "wqws"]
[WhiteFideId "12940690"]
[WhiteElo "2669"]
[BlackElo "2590"]
[Result "1-0"]
[Round "02"]
[TimeControl "180+2"]
[Date "2023.05.16"]
[WhiteClock "0:00:04"]
[BlackClock "0:00:08"]

1. a3 d5 2. Nf3 Nf6 3. e3 g6 4. b4 Bg7 5. Bb2 O-O 6. h3 a5 7. b5 c5 8. d3 b6 9. Be2 Bb7 10. O-O Nbd7 11. Nbd2 Re8 12. c4 e5 13. cxd5 Nxd5 14. Qc2 Rc8 15. Nc4 Qe7 16. Rfe1 Kh8 17. Nfd2 f5 18. Bf3 Ba8 19. e4 Nf4 20. exf5 gxf5 21. Bxa8 Rxa8 22. Nf3 Ng6 23. Re3 f4 24. Re2 Nh4 25. Ncd2 Nxf3+ 26. Nxf3 Bf6 27. Qc4 Qg7 28. Kh2 Rg8 29. Rg1 Rae8 30. Qd5 Re7 31. Qc6 Rge8 32. Nd2 Re6 33. Qf3 R6e7 34. Rge1 Qg6 35. a4 Bg7 36. Nc4 Qf5 37. Bc1 Qf6 38. Re4 Qg6 39. Bb2 h6 40. d4 cxd4 41. Bxd4 Kh7 42. Bb2 Bf6 43. R4e2 Qf5 44. Ba3 Re6 45. Nd6 Rxd6 46. Bxd6 Rg8 47. Qe4 Qxe4 48. Rxe4 Kg6 49. Rd1 Kf5 50. f3 Ke6 51. Bc7 Nc5 52. Re2 Nxa4 53. Rd6+ Kf5 54. Rc6 Nc5 55. Bxb6 Nb3 56. Ra2 Bh4 57. Bf2 Bg3+ 58. Kg1 Rd8 59. Bxg3 fxg3 60. Kf1 Rd1+ 61. Ke2 Rg1 62. Kd3 Nd4 63. Rc5 Rd1+ 64. Kc4 Rc1+ 65. Kd5 Rd1 66. b6 Nb3+ 67. Kc6 Nxc5 68. Kxc5 Rb1 69. Kc6 Kf4 70. Rxa5 Rb2 71. b7 e4 72. fxe4 Ke3 73. Rb5 Rc2+ 74. Kd5 Rd2+ 75. Ke5 Rxg2 76. b8=Q Rd2 77. Rb3+ Kf2 78. Qb6+ Kf1 79. Rxg3 Rf2 80. Qb1+ Ke2 81. Qd3+ Ke1 82. Rg1+ Rf1 83. Rxf1# 1-0


[Site "https://www.chess.com"]

[Event "Titled Tuesday Blitz May 16 Early 2023"]
[White "Bortnyk, Mykola"]
[Black "Novik, Maxim"]
[WhiteFideId "14120836"]
[BlackFideId "4102924"]
[WhiteElo "2582"]
[BlackElo "2287"]
[Result "0-1"]
[Round "02"]
[TimeControl "180+2"]
[Date "2023.05.16"]
[WhiteClock "0:00:52"]
[BlackClock "0:01:13"]

1. e4 c6 2. d4 d5 3. exd5 cxd5 4. c4 Nf6 5. Nc3 g6 6. Qb3 Bg7 7. cxd5 O-O 8. Bg5 Nbd7 9. Bd3 Nb6 10. Bxf6 exf6 11. Nge2 Bd7 12. a4 Rb8 13. O-O Nc8 14. Ne4 f5 15. Nc5 Nd6 16. Qa3 Bc8 17. a5 b6 18. axb6 axb6 19. Na6 Ra8 20. Qb3 Bxa6 21. Bxa6 Re8 22. Bd3 Rxa1 23. Rxa1 h5 24. h3 h4 25. Ra6 Rxe2 26. Bxe2 Bxd4 27. Qd3 Qf6 28. b4 Ne4 29. Kf1 Nxf2 30. Qc4 Ne4 31. Qc8+ Kg7 32. Ra8 Ng3+ 33. Ke1 Bc3+ 34. Kd1 Qd4+ 35. Kc2 Qd2+ 36. Kb3 Qb2+ 37. Ka4 Qxb4# 0-1


[Site "https://www.chess.com"]

[Event "Titled Tuesday Blitz May 16 Early 2023"]
[White "Hnydiuk, Aleksander"]
[Black "Steinberg, Nitzan"]
[WhiteFideId "1109057"]
[BlackFideId "2801795"]
[WhiteElo "2374"]
[BlackElo "2486"]
[Result "0-1"]
[Round "02"]
[TimeControl "180+2"]
[Date "2023.05.16"]
[WhiteClock "0:00:00"]
[BlackClock "0:01:08"]

1. Nf3 g6 2. c4 Bg7 3. d4 d6 4. Nc3 Bg4 5. g3 Bxf3 6. exf3 Nc6 7. Be3 e5 8. d5 Nce7 9. h4 Nf6 10. Bh3 O-O 11. O-O Nd7 12. f4 f5 13. fxe5 Nxe5 14. Qb3 b6 15. Nb5 Nf3+ 16. Kg2 f4 17. Bxf4 Nxh4+ 18. Kh1 a6 19. Nc3 Nef5 20. Ne4 Nd4 21. Qd3 Rxf4 22. gxf4 Nhf3 23. Ng5 Nxg5 24. fxg5 Qxg5 25. f4 Qh5 26. Kg2 Rf8 27. Rae1 Kh8 28. Re4 Nf5 29. Bxf5 gxf5 30. Re6 Bf6 31. Qh3 Rg8+ 32. Kh2 Bh4 33. Rg1 Rg4 34. Rg2 Kg8 35. Kg1 Bf2+ 36. Kh2 Bg1+ 37. Rxg1 Qxh3+ 38. Kxh3 Rxg1 39. Re7 Rg7 40. Re8+ Kf7 41. Rc8 Kg6 0-1


[Site "https://www.chess.com"]

[Event "Titled Tuesday Blitz May 16 Early 2023"]
[White "Tari, Aryan"]
[Black "Isajevsky, Anton"]
[WhiteFideId "1510045"]
[BlackFideId "4142500"]
[WhiteElo "2571"]
[BlackElo "2510"]
[Result "1-0"]
[Round "02"]
[TimeControl "180+2"]
[Date "2023.05.16"]
[WhiteClock "0:01:14"]
[BlackClock "0:00:00"]

1. e4 e6 2. d4 d5 3. Nd2 dxe4 4. Nxe4 Bd7 5. Ng5 h6 6. N5f3 c5 7. Nd2 cxd4 8. Ndf3 Nc6 9. Nxd4 Nxd4 10. Qxd4 Bc6 11. Be3 Qxd4 12. Bxd4 Ne7 13. O-O-O Nf5 14. Bc3 Bc5 15. Nh3 Ke7 16. Rg1 Rhd8 17. Bd3 Bd4 18. Bxf5 Bxc3 19. bxc3 exf5 20. f3 g5 21. Nf2 Kf6 22. Nd3 f4 23. Nb4 Kf5 24. Rd4 Re8 25. Rgd1 Re2 26. R1d2 Rae8 27. Rc4 Rxd2 28. Kxd2 Re6 29. Rc5+ Kg6 30. Nd3 f6 31. Ra5 a6 32. c4 h5 33. h3 Kf7 34. h4 1-0


[Site "https://www.chess.com"]

[Event "Titled Tuesday Blitz May 16 Early 2023"]
[White "Gatineau, Yovann"]
[Black "Drygalov, Sergey"]
[WhiteFideId "26028999"]
[BlackFideId "24171743"]
[WhiteElo "2258"]
[BlackElo "2533"]
[Result "0-1"]
[Round "02"]
[TimeControl "180+2"]
[Date "2023.05.16"]
[WhiteClock "0:00:03"]
[BlackClock "0:00:45"]

1. d4 Nf6 2. Bf4 c5 3. d5 d6 4. Nc3 g6 5. e4 Bg7 6. Bb5+ Nbd7 7. a4 O-O 8. Nf3 Ng4 9. O-O Nge5 10. h3 a6 11. Be2 Rb8 12. a5 b6 13. axb6 Rxb6 14. Ra2 a5 15. Qd2 Rb4 16. Nxe5 Nxe5 17. Bh6 Bxh6 18. Qxh6 Qb6 19. f4 Nd7 20. Kh2 Rd4 21. e5 dxe5 22. f5 Nf6 23. fxg6 hxg6 24. Qg5 Nxd5 25. Qxe5 Nxc3 26. bxc3 Rd2 27. Bc4 Qd6 28. Qxd6 exd6 29. Rxa5 d5 30. Bb3 c4 31. Ba4 Bf5 32. Bc6 Be4 33. Kg3 Rxg2+ 34. Kf4 Rd8 35. Ke5 Re2 36. Kd4 Rxc2 37. Ra7 Bf5 38. h4 Rh2 39. Rf4 Kg7 40. Kc5 Be6 41. Rd4 Rh3 42. Bxd5 Bxd5 43. Rxd5 Rxd5+ 44. Kxd5 Rxc3 45. Kd4 Rh3 46. Kxc4 Rxh4+ 47. Kd3 Rf4 48. Ke3 g5 49. Ke2 Kg6 0-1


[Site "https://www.chess.com"]

[Event "Titled Tuesday Blitz May 16 Early 2023"]
[White "Mekhitarian, Krikor Sevag"]
[Black "Spata, German"]
[WhiteFideId "2107660"]
[BlackFideId "113026"]
[WhiteElo "2604"]
[BlackElo "2260"]
[Result "0-1"]
[Round "02"]
[TimeControl "180+2"]
[Date "2023.05.16"]
[WhiteClock "0:00:03"]
[BlackClock "0:00:03"]

1. Nf3 Nf6 2. c4 e6 3. d4 d5 4. cxd5 Nxd5 5. e4 Nf6 6. Nc3 Be7 7. Bd3 O-O 8. h4 h6 9. Bc2 c5 10. e5 Nd5 11. Qd3 f5 12. exf6 Nxf6 13. Ne4 Nbd7 14. dxc5 Nxe4 15. Qxe4 Nf6 16. Qc4 Qd5 17. Qxd5 Nxd5 18. O-O Bxc5 19. Bd2 Bd7 20. Bb3 Nf4 21. Bxf4 Rxf4 22. Rad1 Bc6 23. Bxe6+ Kh7 24. Bd5 Bxd5 25. Rxd5 Be7 26. Rd3 Raf8 27. Rd7 Bxh4 28. Rxb7 Bf6 29. b3 Ra8 30. Rd1 a5 31. Rdd7 a4 32. Rf7 axb3 33. axb3 Ra1+ 34. Kh2 Rf5 35. Rfd7 Ra2 36. Kg3 Rc5 37. Rd2 Ra3 38. Rd6 Kg6 39. Rd3 Rc2 40. Ne1 Rb2 41. Rb5 Raa2 42. Rf3 Re2 43. Nd3 Kf7 44. Rb7+ Kg8 45. Nf4 Be5 46. Kg4 Bxf4 47. Kxf4 Rxf2 48. Rxf2 Rxf2+ 49. Kg3 Rb2 50. Kf3 Kh7 51. g4 Kg6 52. Rb5 Kf6 53. Kf4 Rf2+ 54. Ke3 Rb2 55. b4 g6 56. Kf4 h5 57. Rb6+ Kf7 58. g5 Rf2+ 59. Ke4 Rf5 60. Rb7+ Ke8 61. Rb8+ Kd7 62. Rb7+ Kc6 63. Rh7 Rxg5 64. Kf4 Rg4+ 65. Ke5 Rxb4 66. Kf6 Rg4 67. Re7 Kd5 68. Re1 Kd4 69. Kg7 h4 70. Kh6 h3 71. Rh1 Rg3 72. Rh2 Ke3 73. Ra2 Kf3 74. Ra3+ Kf4 75. Ra4+ Kf5 76. Ra5+ Kf6 77. Ra6+ Ke7 78. Ra7+ Kd6 79. Ra6+ Kc5 80. Ra2 g5 81. Kh5 g4 82. Kh4 Rg2 83. Ra5+ Kd4 84. Ra1 Ke3 85. Ra3+ Kf4 86. Ra4+ Kf3 87. Ra3+ Kf2 88. Ra2+ Kg1 89. Ra1+ Kh2 90. Ra3 Rg1 91. Ra2+ Rg2 92. Ra1 g3 93. Rb1 Rc2 94. Kg4 Rc4+ 95. Kf3 g2 96. Rb2 Rc3+ 97. Kg4 Kh1 98. Kh4 g1=Q 99. Rb5 Qf2+ 100. Kh5 Rc4 101. Rg5 Qf3+ 102. Kg6 Rg4 103. Kh5 Rxg5+ 104. Kh4 Qg3# 0-1


[Site "https://www.chess.com"]

[Event "Titled Tuesday Blitz May 16 Early 2023"]
[White "HamedWafa4"]
[Black "Galchenko, Matvey"]
[BlackFideId "24175480"]
[WhiteElo "2578"]
[BlackElo "2423"]
[Result "0-1"]
[Round "02"]
[TimeControl "180+2"]
[Date "2023.05.16"]
[WhiteClock "0:00:01"]
[BlackClock "0:00:11"]

1. e4 e6 2. d4 d5 3. e5 c5 4. c3 Qb6 5. Nf3 Nc6 6. Be2 cxd4 7. cxd4 Nh6 8. Bxh6 Qxb2 9. O-O gxh6 10. Nbd2 Nxd4 11. Rb1 Nxf3+ 12. Nxf3 Qa3 13. Bb5+ Kd8 14. Qc2 Qc5 15. Qa4 Be7 16. Rfc1 Qa3 17. Qf4 a6 18. Bf1 Rg8 19. Kh1 h5 20. Qxf7 Rf8 21. Qxh7 Bd7 22. Qxh5 Rc8 23. Qh6 Rxc1 24. Rxc1 Qxa2 25. Qe3 Bc6 26. Qb6+ Kd7 27. Bd3 Qa3 28. Rxc6 bxc6 29. Qb7+ Kd8 30. Qb8+ Kd7 31. Qb7+ Ke8 32. Bg6+ Kd8 33. Qb8+ Kd7 34. Qb7+ Kd8 35. h3 Qb4 36. Qxc6 a5 37. Qxe6 Qb5 38. Bf5 Rxf5 39. Qxf5 a4 40. Nd4 Qb6 41. Ne6+ Ke8 42. Qg6+ Kd7 43. Nf8+ Kc7 44. Qf7 Qb1+ 45. Kh2 Qb4 46. Ng6 Kd8 47. Qxd5+ Ke8 48. Qg8+ Kd7 49. Qd5+ Kc7 50. Qf7 Kd8 51. Nxe7 Qxe7 52. Qg8+ Qe8 53. Qd5+ Qd7 54. Qa8+ Ke7 55. f4 Qd4 56. Qb7+ Kd8 57. Kg3 Qc3+ 58. Kg4 a3 59. Qa8+ Qc8+ 60. Qxc8+ Kxc8 61. e6 a2 62. e7 Kd7 63. Kf5 a1=Q 64. Kg6 Kxe7 0-1


[Site "https://www.chess.com"]

[Event "Titled Tuesday Blitz May 16 Early 2023"]
[White "Shimanov, Aleksandr"]
[Black "Potkin, Vladimir"]
[WhiteFideId "4198603"]
[BlackFideId "4131061"]
[WhiteElo "2631"]
[BlackElo "2474"]
[Result "1-0"]
[Round "02"]
[TimeControl "180+2"]
[Date "2023.05.16"]
[WhiteClock "0:01:05"]
[BlackClock "0:00:05"]

1. e4 c5 2. d4 cxd4 3. Qxd4 Nc6 4. Qd3 Nf6 5. Nc3 g6 6. Nf3 d6 7. Be2 Bg7 8. O-O O-O 9. Nd5 Be6 10. c3 Nd7 11. Bg5 Re8 12. Rad1 Rc8 13. Qe3 Qa5 14. a3 Bxd5 15. exd5 Nce5 16. Nxe5 Nxe5 17. Qe4 b5 18. h4 Qb6 19. h5 a5 20. g3 Rb8 21. Kg2 b4 22. cxb4 axb4 23. a4 b3 24. Bb5 Rec8 25. Bxe7 Rc2 26. Rb1 f5 27. Qe1 Ng4 28. hxg6 hxg6 29. Qe6+ Kh7 30. Rh1+ Nh6 31. Rxh6+ Bxh6 32. Qf7+ 1-0


[Site "https://www.chess.com"]

[Event "Titled Tuesday Blitz May 16 Early 2023"]
[White "Al-Tarboush, Ward"]
[Black "Durarbayli, Vasif"]
[WhiteFideId "7601450"]
[BlackFideId "13402935"]
[WhiteElo "2265"]
[BlackElo "2551"]
[Result "0-1"]
[Round "02"]
[TimeControl "180+2"]
[Date "2023.05.16"]
[WhiteClock "0:00:00"]
[BlackClock "0:00:03"]

1. d4 Nf6 2. Nc3 d5 3. Bg5 Nbd7 4. Nf3 h6 5. Bh4 e6 6. e3 Bb4 7. Bd3 c5 8. O-O c4 9. Be2 Bxc3 10. bxc3 Qa5 11. Ne5 Ne4 12. Nxf7 Kxf7 13. Bh5+ g6 14. Qf3+ Ndf6 15. Bg4 g5 16. Bh5+ Ke7 17. Bg3 Rg8 18. Be5 g4 19. Qf4 Nxh5 20. Qxh6 Nef6 21. f3 g3 22. hxg3 Bd7 23. g4 Rh8 24. Qg5 Rag8 25. Qh4 Qxc3 26. Rae1 Qxc2 27. Rf2 Qg6 28. gxh5 Rxh5 29. Bxf6+ Kf7 30. Qf4 Qxf6 31. Qc7 Qe7 32. e4 Rgh8 33. Rff1 Rh1+ 34. Kf2 Rxf1+ 35. Rxf1 Bc6 36. Qf4+ Qf6 37. Qc7+ Kg6 38. Qg3+ Qg5 39. Qd6 Qd2+ 40. Kg3 Qg5+ 41. Kf2 Qh4+ 42. Ke3 Qf6 43. e5 Qf5 44. g4 Qd3+ 45. Kf4 Qxf1 46. Qxe6+ Kg7 47. Qe7+ Kg8 48. Qd8+ Kg7 49. Qf6+ Kg8 50. Qd8+ Kf7 51. Qf6+ Ke8 52. Qxh8+ Kd7 53. Qg7+ Kc8 54. Qf8+ Kc7 55. Qd6+ Kb6 56. Qb4+ Ka6 57. Qa3+ Kb5 58. e6 Qe1 59. e7 a5 60. Qc5+ Ka6 61. Qd6 c3 62. Qc5 Qd2+ 63. Kf5 c2 0-1


[Site "https://www.chess.com"]

[Event "Titled Tuesday Blitz May 16 Early 2023"]
[White "Ibadov, Dashgyn"]
[Black "Zakhartsov, Vladimir"]
[WhiteFideId "24107514"]
[BlackFideId "4145097"]
[WhiteElo "2208"]
[BlackElo "2495"]
[Result "0-1"]
[Round "02"]
[TimeControl "180+2"]
[Date "2023.05.16"]
[WhiteClock "0:00:00"]
[BlackClock "0:00:55"]

1. d4 g6 2. e4 Bg7 3. Nc3 a6 4. Be3 b5 5. Bd3 Bb7 6. h4 h6 7. h5 g5 8. Nh3 d6 9. f4 gxf4 10. Nxf4 Nd7 11. Qg4 Bf8 12. Ne6 Ndf6 13. Nxd8 Nxg4 14. Nxb7 Nxe3 15. Kf2 Ng4+ 16. Kf3 N4f6 17. e5 Nh7 18. a4 Ng5+ 19. Kf2 b4 20. Nd5 Kd7 21. Na5 e6 22. Nxb4 dxe5 23. Nxa6 e4 24. Bb5+ Kc8 25. Nc6 Nf6 26. Nc5 Bd6 27. Ke3 Ng4+ 28. Ke2 f5 29. c4 f4 30. b4 f3+ 31. gxf3 exf3+ 32. Kd3 Rf8 33. Rhf1 Nh2 34. Rf2 Bg3 0-1


[Site "https://www.chess.com"]

[Event "Titled Tuesday Blitz May 16 Early 2023"]
[White "Gheorghiu, Calin"]
[Black "Chigaev, Maksim"]
[WhiteFideId "1200305"]
[BlackFideId "4108116"]
[WhiteElo "2223"]
[BlackElo "2558"]
[Result "1-0"]
[Round "02"]
[TimeControl "180+2"]
[Date "2023.05.16"]
[WhiteClock "0:00:16"]
[BlackClock "0:00:40"]

1. e4 e6 2. d4 d5 3. e5 c5 4. c3 Nc6 5. Nf3 Bd7 6. Bd3 cxd4 7. O-O dxc3 8. Nxc3 a6 9. a3 Nge7 10. Re1 Ng6 11. b4 Rc8 12. Bb2 Be7 13. Rc1 O-O 14. Bb1 f5 15. exf6 Bxf6 16. Bxg6 hxg6 17. Na4 b6 18. Qd3 Nxb4 19. axb4 Rxc1 20. Rxc1 Bxa4 21. Bxf6 Qxf6 22. Qxa6 Qb2 23. Re1 Qxb4 24. Rxe6 Bb5 25. Qxb6 Rxf3 26. gxf3 Qb1+ 27. Kg2 Qf1+ 28. Kg3 Qg1+ 29. Kf4 Bd3 30. Qd8+ Kh7 31. Qh4+ Kg8 32. Re8+ Kf7 33. Qe7# 1-0


[Site "https://www.chess.com"]